 Dungeon Crawl Stone Soup version 0.30-a0-4-ga7cffc901d (webtiles) character file.

Game seed: 11304512172914564112

288 frimble the Digger (level 6, 0/61 HPs)
             Began as a Demonspawn Earth Elementalist on Aug 20, 2022.
             Slain by an ogre
             ... wielding a +0 giant club
              (10 damage)
             ... on level 3 of the Dungeon.
             The game lasted 00:03:56 (3004 turns).

frimble the Digger (Demonspawn Earth Elementalist)  Turns: 3004, Time: 00:03:56

Health: 0/61       AC: 23    Str:  8    XL:     6   Next: 9%
Magic:  2/9        EV:  2    Int: 17    God:
Gold:   180        SH:  0    Dex: 15    Spells: 6/9 levels left

rFire   . . .      SeeInvis .    m - +2 dagger (drain)
rCold   + . .      Faith    .    (no shield)
rNeg    . . .      Spirit   .    (body armour currently unavailable)
rPois   +          Reflect  .    (helmet currently unavailable)
rElec   .          Harm     .    (cloak currently unavailable)
rCorr   .          Rampage  .    (gloves currently unavailable)
Will    .....      NoTele   +    (boots currently unavailable)
Stlth   ++........               (no amulet)
HPRegen 0.20/turn                l - ring of protection from cold
MPRegen 0.11/turn                (no ring)

@: mighty, tree-form, invisible, repel missiles
A: stationary, stasis, torment immunity, boosted hp, repulsion field 3
a: no special abilities


You were on level 3 of the Dungeon.
You were a tree.
You visited 1 branch of the dungeon, and saw 3 of its levels.

You collected 180 gold pieces.

Inventory:

Hand Weapons
 g - a +0 short sword
 m - a +2 dagger of draining (weapon)
 n - a +2 dagger of venom
Armour
 b - a +0 pair of boots (melded)
 o - a +1 pair of gloves (melded)
 q - a +1 robe of willpower (melded)
Jewellery
 l - a ring of protection from cold (left branch)
 s - a ring of ice
Scrolls
 a - a scroll of enchant armour {unknown}
 c - a scroll of enchant weapon
 d - 2 scrolls of identify
 h - a scroll of teleportation
 i - 2 scrolls of magic mapping
 j - 2 scrolls of fog
Potions
 e - a potion of magic
 k - a potion of curing


   Skills:
 + Level 2.6 Short Blades
 - Level 1.7 Dodging
 - Level 1.7 Stealth
 - Level 2.0 Spellcasting
 + Level 3.3 Transmutations
 + Level 4.3 Earth Magic


You had 6 spell levels left.
You knew the following spells:

 Your Spells              Type           Power      Damage    Failure   Level
a - Sandblast             Erth           32%        2d9       3%          1
b - Passwall              Tmut/Erth      11%        N/A       6%          2

Your spell library contained the following spells:

 Spells                   Type           Power      Damage    Failure   Level
 Stone Arrow              Conj/Erth      18%        3d8       24%         3
 Petrify                  Tmut/Erth      14%        N/A       38%         4


Dungeon Overview and Level Annotations

Branches:
Dungeon (3/15)

Altars:


Innate Abilities, Weirdness & Mutations

You are a tree.
Your roots penetrate the ground, keeping you stationary.
You cannot be teleported.
You are immune to unholy pain and torment.
Your maximum health is greatly increased.
Your equipment is partially melded.
You are surrounded by a strong repulsion field. (EV +4, RMsl)


Message History

You feel very mighty all of a sudden.
The gnoll bouda barks out a call to the hunt!
The orc hits you but does no damage.
You hit the orc.
You kill the orc!
Items here: ))) [[.
A gnoll comes into view. It is wielding a +0 flail.
The orc closely misses you.
You closely miss the orc. The orc hits you with a +0 hand axe.
* * * LOW HITPOINT WARNING * * *
You puncture the orc!
You kill the orc!
The gnoll shouts!
The gnoll is no longer moving quickly.
It was a potion of lignification.
You turn into a tree.
Your +1 pair of gloves melds into your body.
Your +0 pair of boots melds into your body.
Your +1 robe of willpower melds into your body.
You feel less strong-willed.
Your roots penetrate the ground.
The orc barely misses you.
You puncture the orc!
You kill the orc!
The gnoll bouda is no longer moving quickly.
You closely miss the orc.
You strike the helpless orc from behind!
You impale the orc!!
You kill the orc!
The gnoll shouts!
You hear a shout! x3
Aiming: Sandblast (safe; 3% risk of failure)
Press: ? - help, Q - select action, (/) - cycle Shift-Dir - straight line, f - orc
Aim: an orc, wielding a +0 falchion (unable to see you, 82% to hit)
The blast of sand hits the orc!
You kill the orc!
Aiming: Sandblast (safe; 3% risk of failure)
Press: ? - help, Q - select action, (/) - cycle Shift-Dir - straight line, f - ogre
Aim: an ogre, wielding a +0 giant club (unable to see you, 91% to hit)
The blast of sand hits the ogre!
The ogre is heavily wounded.
The ogre hits you with a +0 giant club!
You die...

#####++######
............
..ogo...... g..g....
g.... ##gg##
#######)g..#
+...)♣Oo...+
#######....#
#######''''###########
......................
≈~≈≈~~~....~~≈~≈~~~~~~
≈≈≈≈≈≈~....~≈≈≈~≈≈≈≈≈≈
~≈~~≈~~....~≈~~≈~≈~~~~
......................
...........#..........


You could see an ogre (unable to see you), 2 gnoll boudas, a gnoll (swift,
unable to see you) and an orc (unable to see you).

Vanquished Creatures
  2 gnoll boudas (D:3)
  2 orc wizards (D:3)
  An adder (D:2)
  6 gnolls
  A worm (D:3)
  3 dart slugs
  12 orcs (D:3)
  7 endoplasms
  2 giant cockroaches
  5 goblins
  5 hobgoblins
  13 jackals
  4 quokkas
  3 ball pythons
  5 bats
  3 frilled lizards
  11 kobolds
  8 rats
93 creatures vanquished.

Notes
Turn   | Place    | Note
-------+----------+-------------------------------------------
     0 | D:1      | frimble the Demonspawn Earth Elementalist began the quest
                  | for the Orb.
     0 | D:1      | Reached XP level 1. HP: 13/13 MP: 3/3
    26 | D:1      | Reached skill level 1 in Transmutations
   427 | D:1      | Found a faded altar of an unknown god.
   568 | D:1      | Reached skill level 3 in Earth Magic
   568 | D:1      | Gained mutation: You are surrounded by a mild repulsion
                  | field. (EV +2) [demonic ancestry]
   568 | D:1      | Reached XP level 2. HP: 19/19 MP: 5/5
   993 | D:1      | Reached XP level 3. HP: 24/24 MP: 6/6
  1739 | D:2      | Reached skill level 1 in Short Blades
  1751 | D:2      | Reached XP level 4. HP: 16/29 MP: 0/7
  2295 | D:3      | Learned a level 2 spell: Passwall
  2473 | D:3      | Gained mutation: You are surrounded by a moderate repulsion
                  | field. (EV +3) [demonic ancestry]
  2473 | D:3      | Reached XP level 5. HP: 35/35 MP: 4/8
  2503 | D:3      | Reached skill level 4 in Earth Magic
  2952 | D:3      | Noticed an ogre
  2991 | D:3      | Gained mutation: You are surrounded by a strong repulsion
                  | field. (EV +4, RMsl) [demonic ancestry]
  2991 | D:3      | Reached XP level 6. HP: 9/41 MP: 2/9
  3004 | D:3      | Slain by an ogre

Illustrated notes

Levels and vault maps discovered:
D:1:      dpeg_arrival_windows_large_door, layout_basic,
          shapermc_ecumenical_altar_totnotflames
D:2:      layout_rooms, minmay_misc_feat_roman, dreamdust_princess_corridor
D:3:      lemuel_castle_with_subvaults [lemuel_castle_interior_original],
          layout_rooms

Skill      XL: |  1  2  3  4  5 |
---------------+----------------+-----
Transmutations | 1 2 3 |  3.3
Earth Magic    | 3 4 |  4.3
Short Blades   | 1 2 |  2.6
Dodging        | |  1.7
Stealth        | |  1.7
Spellcasting   | |  2.0

Action                   |  1- 3 |  4- 6 || total
-------------------------+-------+-------++-------
Melee: Short sword       |    29 |       ||    29
       Unarmed           |     6 |       ||     6
       Dagger            |    72 |   160 ||   232
       Punch             |       |     2 ||     2
 Cast: Sandblast         |    24 |    23 ||    47
  Use: Potion            |     2 |     5 ||     7
       Scroll            |     6 |     3 ||     9
 Stab: Sleeping          |     5 |       ||     5
       Invisible         |       |     2 ||     2
       Distracted        |       |     1 ||     1
Armor: Robe              |    22 |    41 ||    63
Dodge: Dodged            |   104 |   141 ||   245

Table legend: (Time is in decaauts)
 A = Elapsed time spent in this place.
 B = Non-inter-level travel time spent in this place.
 C = Inter-level travel time spent in this place.
 D = Time resting spent in this place.
 E = Time spent auto-exploring this place.
 F = Levels seen in this place.
 G = Mean time per level.
                   A        B        C        D        E       F      G
               +--------+--------+--------+--------+--------+-----+--------+
         Total |   3010 |   2964 |     46 |      0 |   2305 |   3 | 1003.3 |
       Dungeon |   3010 |   2964 |     46 |      0 |   2305 |   3 | 1003.3 |
               +--------+--------+--------+--------+--------+-----+--------+

Top non-repeatable levels by time:
     D:1: 1399 daAuts
     D:2: 892 daAuts
     D:3: 718 daAuts
